 Dungeon Crawl Stone Soup version 0.31-a0-955-gcb8bc90ed4 (webtiles) character file.

Game seed: 16173052016857949856

70254 Revguard the Fighter (level 15, -4/100 HPs)
             Began as a Gargoyle Fighter on Oct 22, 2023.
             Was an Elder of the Shining One.
             Slain by Donald
             ... wielding a +2 eveningstar of protection
              (33 damage)
             ... on level 2 of the Orcish Mines.
             The game lasted 00:40:56 (18112 turns).

Revguard the Fighter (Gargoyle Fighter)            Turns: 18112, Time: 00:40:56

Health: -4/100     AC: 44    Str: 23    XL:     15   Next: 32%
Magic:  1/20       EV: 15    Int:  9    God:    the Shining One [****..]
Gold:   322        SH: 18    Dex: 12    Spells: 14/14 levels left

rFire   + + +        i - +5 war axe of Destruction {protect, rF+++ rCorr Dex-2 SInv}
rCold   + + .        j - +2 kite shield
rNeg    + + +        Q - +8 chain mail "Hyox" {rElec rC+ Regen+ Dex+2}
rPois   ∞            d - +0 helmet
rElec   +            (no cloak)
rCorr   +            o - +1 pair of gloves {infuse}
SInv    +            R - +1 pair of boots "Loishro" {Regen+ rCorr Str-3}
Will    +....        L - amulet of reflection Stlth
                     s - +5 ring of evasion
HPRegen 1.96/turn    K - ring of protection from cold
MPRegen 0.17/turn

%: reflection, infuse magic (1 MP)
@: under a protective aura, flying, glowing, studying Polearms
A: sickness immunity, AC +11, big wings, negative energy resistance 1,
electricity resistance, torment resistance 1, petrification resistance, claws 1,
low MP 1, strong 1
a: Renounce Religion, Divine Shield, Cleansing Flame


You were on level 2 of the Orcish Mines.
You worshipped the Shining One.
The Shining One was greatly pleased with you.
You visited 3 branches of the dungeon, and saw 18 of its levels.

You collected 2558 gold pieces.
You spent 2236 gold pieces at shops.

Inventory:

Hand Weapons
 b - a +0 broad axe of protection
 i - the +5 war axe of Destruction (weapon) {protect, rF+++ rCorr Dex-2 SInv}
   (You acquired it on level 6 of the Dungeon)

   Dex-2:     It affects your dexterity (-2).
   rF+++:     It renders you almost immune to fire.
   SInv:      It lets you see invisible.
   rCorr:     It protects you from acid and corrosion.
 u - a +3 flail of protection
Missiles
 f - a throwing net
Armour
 d - a +0 helmet (worn)
 j - a +2 kite shield (worn)
 o - a +1 pair of gloves of infusion (worn)
 Q - the +8 chain mail "Hyox" (worn) {rElec rC+ Regen+ Dex+2}
   (You acquired it on level 12 of the Dungeon)

   Dex+2:     It affects your dexterity (+2).
   rC+:       It protects you from cold.
   rElec:     It insulates you from electricity.
   Regen+:    It increases your rate of health regeneration.
 R - the +1 pair of boots "Loishro" (worn) {Regen+ rCorr Str-3}
   (You acquired it on level 12 of the Dungeon)

   Str-3:     It affects your strength (-3).
   Regen+:    It increases your rate of health regeneration.
   rCorr:     It protects you from acid and corrosion.
Jewellery
 h - a ring of resist corrosion
 s - a +5 ring of evasion (left hand)
 w - a ring of protection from fire
 K - a ring of protection from cold (right hand)
 L - an amulet of reflection (around neck)
 M - a ring of magical power
Wands
 r - a wand of polymorph (23)
 t - a wand of mindburst (12)
 A - a wand of acid (1)
 H - a wand of digging (6)
Scrolls
 g - 4 scrolls of revelation
 k - 6 scrolls of noise
 m - 4 scrolls of vulnerability
 v - 3 scrolls of teleportation
 x - 8 scrolls of fog
 y - 5 scrolls of enchant weapon
 D - 2 scrolls of amnesia
 J - a scroll of immolation
 O - a scroll of fear
 P - 2 scrolls of blinking
Potions
 a - 2 potions of haste
 c - a potion of lignification
 l - a potion of magic
 n - 5 potions of brilliance
 z - a potion of berserk rage
 B - 5 potions of curing
 C - a potion of attraction
 E - a potion of resistance
 F - a potion of invisibility
 G - 2 potions of enlightenment
 I - 3 potions of heal wounds
 N - a potion of might
Miscellaneous
 p - a phantom mirror


   Skills:
 * Level 14.2 Fighting
 * Level 3.5(7.9) Axes
 - Level 12.0(12.2) Maces & Flails
 + Level 10.9 Armour
 + Level 7.5 Dodging
 + Level 11.1 Shields
 + Level 9.9 Invocations
 + Level 8.3 Evocations


You had 14 spell levels left.
You didn't know any spells.
Your spell library contained the following spells:

 Spells                   Type           Power      Damage    Failure   Level
 Apportation              Tloc           0%         N/A       97%         1
 Freeze                   Ice            0%         1d3       97%         1
 Necrotise                Necr           0%         1d4       97%         1
 Sandblast                Erth           0%         2d4       97%         1
 Summon Small Mammal      Summ           0%         N/A       97%         1
 Passwall                 Tmut/Erth      0%         N/A       99%         2
 Wereblood                Tmut           0%         N/A       99%         2
 Call Canine Familiar     Summ           0%         N/A       100%        3
 Frozen Ramparts          Ice            0%         1d1       100%        3
 Hailstorm                Conj/Ice       0%         3d3       100%        3
 Ozocubu's Armour         Ice            0%         N/A       100%        3
 Stone Arrow              Conj/Erth      0%         3d7       100%        3
 Summon Guardian Golem    Hex/Summ       0%         N/A       100%        3
 Volatile Blastmotes      Fire/Tloc      0%         2d10      100%        3
 Brom's Barrelling Bould  Conj/Erth      0%         2d3       100%        4
 Fulminant Prism          Conj/Hex       0%         3d5       100%        4
 Iskenderun's Mystic Bla  Conj/Tloc      0%         2d3       100%        4
 Vhi's Electric Charge    Tloc/Air       0%         N/A       100%        4
 Arcjolt                  Conj/Air       0%         1d10      100%        5
 Irradiate                Conj/Tmut      0%         3d11      100%        5
 Plasma Beam              Fire/Air       0%         2x1d10    100%        6
 Ozocubu's Refrigeration  Ice            0%         4d7       100%        7
 Maxwell's Capacitive Co  Air            0%         ∞         100%        8


Dungeon Overview and Level Annotations

Branches:
Dungeon (15/15)            Temple (1/1) D:5            Lair (0/5) D:10
    Orc (2/2) D:9          Vaults (0/5) D:13         Depths (0/4) D:15
    Elf: Orc:2

Altars:
Ashenzari
Cheibriados
Dithmenos
Elyvilon
Fedhas
Gozag
Hepliaklqana
Kikubaaqudgha
Makhleb
Nemelex Xobeh
Okawaru
Qazlal
Ru
Sif Muna
Trog
Uskayaw
Vehumet
Wu Jian
Xom
Yredelemnul
Zin
The Shining One

Shops:
D:8 ?   D:9 *!:   D:12 ?   Orc:1 (

Annotations:
Orc:2 Donald


Innate Abilities, Weirdness & Mutations

You are immune to sickness and miasma.
Your stone body is resilient. (AC +11)
You are immune to poison.
Your large and strong wings let you fly.
You resist negative energy. (rN+)
You are resistant to electric shocks. (rElec)
You are resistant to unholy torment.
You are immune to petrification.
You have sharp fingernails.
Your magical capacity is low. (-10% MP)
Your muscles are strong. (Str +4, Int/Dex -1)


Message History

Donald hits you with a +2 eveningstar of protection!!
The orc warrior hits you but does no damage.
You block Donald's attack.
Unknown command.
You hit Donald but do no damage.
Donald is lightly wounded.
You hit the orc warrior. You slash the orc!
You kill the orc!
You block Donald's attack.
The orc warrior hits you but does no damage.
Donald says, "These orcs are so stupid, they must've eaten the rune."
You block Donald's attack. Donald blocks your attack.
Donald is lightly wounded.
You hit the orc warrior. You block Donald's attack.
The orc warrior hits you but does no damage.
Donald says, "Orcs smell really bad.
Yuck."
You block Donald's attack.
Unknown command.
Donald blocks your attack.
Donald is lightly wounded.
You slash the orc warrior! You block the orc warrior's attack.
Donald hits you with a +2 eveningstar of protection!!
The orc warrior barely misses you.
You slash Donald!
Donald is moderately wounded.
You barely miss the orc warrior.
Donald says, "At least there's gold.
That doesn't make up for it."
Donald hits you with a +2 eveningstar of protection!!
* * * LOW HITPOINT WARNING * * *
Donald says, "What lunatic would build a room out of doors?"
Donald barely misses you. The orc warrior completely misses you.
Aiming: Corrosive Bolt
Press: ? - help, Shift-Dir - straight line, f - Donald
Aim: Donald, wielding a +2 eveningstar of protection, wearing a +0 chain mail and wearing a +2 kite shield (moderately wounded, fast, strong, haloed, 89% to hit)
The bolt of acid hits Donald!
Donald is heavily wounded.
Donald hits you with a +2 eveningstar of protection!!
You die...
Donald says, "I won.
I... don't hate that."

#....)).......#
##...).).......#
####....)$).......#
..................# #
......<........$#.#+##..
#.............##........
...............##.......
..............#).......#
................@.....#
...............)o@.....#
...........##...........
.........$...........#.#
.....######...## # ...
.... ..... ....##


You could see Donald (fast, strong) and an orc warrior.

Vanquished Creatures
  2 fire giants (D:15)
  A frost giant (D:15)
  The ghost of Madon the Nimble, a journeyman FeSu of Gozag (D:15)
  Snorg (D:11)
  A rakshasa (D:15)
  A fire dragon (D:15)
  3 hydras
  2 vault guards (D:13)
  3 catoblepae
  18 two-headed ogres
  A two-headed ogre (shapeshifter) (D:11)
  3 ogre magi
  3 boulder beetles
  3 death yaks (D:10)
  A vampire mage (D:15)
  5 centaur warriors
  2 tengu warriors
  A storm dragon zombie (D:15)
  7 skeletal warriors
  A spark wasp zombie (D:15)
  3 deep elf pyromancers
  A necromancer (D:15)
  An orc knight (Orc:1)
  16 ugly things
  4 manticores
  6 cyclopes
  Maurice (D:11)
  Joseph (D:8)
  2 gargoyles
  2 unseen horrors
  A kobold demonologist (D:11)
  An efreet (D:15)
  A freezing wraith (D:14)
  2 tengu conjurers (D:15)
  2 yaktaurs (D:13)
  2 polar bears (D:10)
  6 trolls
  Sigmund (D:4)
  4 centaur simulacra
  7 slime creatures
  A shadow (D:11)
  16 humans (D:13)
  17 yaks
  A wraith (D:9)
  A wyvern (D:10)
  An unseen horror simulacrum (D:10)
  A basilisk (D:14)
  2 steam dragons
  4 vampire mosquitoes (D:11)
  Edmund (D:4)
  2 wargs (Orc:1)
  2 acid dragons
  2 water moccasins
  A meliai simulacrum (D:10)
  9 ice beasts
  15 orc warriors
  A sky beast (D:6)
  9 ogres
  A wolf (D:10)
  18 centaurs
  A phantom (D:6)
  A kobold brigand (D:8)
  A scorpion (D:7)
  3 bullfrogs
  6 wights
  6 killer bees (D:9)
  2 electric eels (D:10)
  4 howler monkeys
  2 hounds
  2 jellies
  A gnoll bouda (D:7)
  9 orc priests
  A sleepcap (D:5)
  Ijyb (D:3)
  12 orc wizards
  Natasha (thrice) (D:4)
  Terence (D:3)
  An iguana (D:5)
  Robin (D:2)
  5 adders
  6 gnolls
  A shadow imp (D:5)
  A white imp (D:7)
  2 ufetubi
  3 worms
  A dart slug (D:1)
  69 orcs
  12 bats
  5 endoplasms
  3 giant cockroaches
  14 goblins
  7 hobgoblins
  3 jackals (D:2)
  10 kobolds
  6 quokkas
  3 ball pythons
  4 frilled lizards
  2 rats (D:1)
444 creatures vanquished.

Vanquished Creatures (collateral kills)
  Erolcha (D:11)
  2 vault guards (D:13)
  A necromancer (D:13)
4 creatures vanquished.

Vanquished Creatures (others)
  A hydra (D:13)
  A kobold demonologist (D:13)
  3 orcs
5 creatures vanquished.

Grand Total: 453 creatures vanquished

Notes
Turn   | Place    | Note
-------+----------+-------------------------------------------
     0 | D:1      | Revguard the Gargoyle Fighter began the quest for the Orb.
     0 | D:1      | Reached XP level 1. HP: 14/14 MP: 1/1
    95 | D:1      | Reached XP level 2. HP: 19/19 MP: 2/2
   207 | D:1      | Reached XP level 3. HP: 15/23 MP: 3/3
   675 | D:2      | Noticed Robin
   691 | D:2      | Killed Robin
   692 | D:2      | Reached skill level 1 in Invocations
   692 | D:2      | Reached XP level 4. HP: 11/29 MP: 4/4
   893 | D:2      | Reached skill level 1 in Evocations
  1179 | D:2      | Identified the +3 ring mail "Xiomuer" {rN+ Str+3 Dex+5}
  1212 | D:2      | Found a faded altar of an unknown god.
  1385 | D:3      | Noticed Ijyb
  1434 | D:3      | Killed Ijyb
  1435 | D:3      | Reached skill level 4 in Fighting
  1477 | D:3      | Noticed Terence
  1487 | D:3      | Killed Terence
  1488 | D:3      | Reached XP level 5. HP: 20/33 MP: 4/6
  1809 | D:3      | Reached skill level 1 in Dodging
  2045 | D:4      | Reached XP level 6. HP: 39/39 MP: 7/7
  2167 | D:4      | Noticed Natasha
  2186 | D:4      | Killed Natasha
  2223 | D:4      | Noticed Natasha
  2238 | D:4      | Killed Natasha
  2260 | D:4      | Noticed Natasha
  2268 | D:4      | Killed Natasha
  2478 | D:4      | Noticed an orc warrior
  2492 | D:4      | Killed an orc warrior
  2493 | D:4      | Reached XP level 7. HP: 42/44 MP: 8/8
  2597 | D:4      | Reached skill level 5 in Fighting
  2597 | D:4      | Reached skill level 5 in Shields
  2914 | D:4      | Noticed Sigmund
  2930 | D:4      | Killed Sigmund
  3108 | D:4      | Noticed Edmund
  3117 | D:4      | Killed Edmund
  3118 | D:4      | Reached XP level 8. HP: 43/50 MP: 5/10
  3169 | D:5      | Entered Level 5 of the Dungeon
  3607 | D:5      | Found a staircase to the Ecumenical Temple.
  3613 | Temple   | Entered the Ecumenical Temple
  3644 | Temple   | Became a worshipper of the Shining One
  4242 | D:6      | Reached skill level 6 in Fighting
  4242 | D:6      | Reached skill level 1 in Maces & Flails
  4469 | D:6      | Reached skill level 5 in Armour
  4580 | D:6      | Reached XP level 9. HP: 54/56 MP: 6/11
  5182 | D:6      | Identified a scroll of acquirement
  5182 | D:6      | Acquired the +5 war axe of Destruction {protect, rF+++
                  | rCorr Dex-2 SInv}
  5247 | D:7      | Reached skill level 7 in Fighting
  5407 | D:7      | Noticed a cyclops
  5417 | D:7      | Killed a cyclops
  5844 | D:7      | Gained mutation: You are partially covered in iridescent
                  | scales. (AC +2) [potion of mutation]
  5844 | D:7      | Gained mutation: You have sharp toenails. [potion of
                  | mutation]
  6409 | D:8      | Noticed a cyclops
  6409 | D:8      | Found Poagyreri's Magic Scroll Emporium.
  6418 | D:8      | Killed a cyclops
  6419 | D:8      | Reached skill level 8 in Fighting
  6419 | D:8      | Reached XP level 10. HP: 64/64 MP: 6/13
  6475 | D:8      | Bought a scroll of enchant weapon for 82 gold pieces
  6514 | D:8      | Noticed Joseph
  6527 | D:8      | Killed Joseph
  6528 | D:8      | Reached skill level 5 in Invocations
  6607 | D:8      | Reached * piety under the Shining One
  6616 | D:8      | Reached skill level 5 in Maces & Flails
  7069 | D:8      | Noticed a boulder beetle
  7102 | D:8      | Killed a boulder beetle
  7600 | D:9      | Reached skill level 9 in Fighting
  7848 | D:9      | Identified the +3 leather armour of a Gauntlet {Contam Fly
                  | rCorr Str-2}
  8207 | D:9      | Found Oqiofeos's Book Shoppe.
  8209 | D:9      | Found Paep's Distillery.
  8212 | D:9      | Found Apio's General Store.
  8245 | D:9      | Bought a potion of heal wounds for 70 gold pieces
  8245 | D:9      | Bought an amulet of reflection for 420 gold pieces
  8264 | D:9      | Found a staircase to the Orcish Mines.
  8281 | D:9      | Reached XP level 11. HP: 51/71 MP: 1/15
  8633 | D:9      | Identified the +3 flail of Blood-Lust {spect, +Blink Will+}
  9134 | D:10     | Entered Level 10 of the Dungeon
  9154 | D:10     | Noticed a death yak
  9156 | D:10     | Found a staircase to the Lair.
  9156 | D:10     | Noticed a death yak
  9156 | D:10     | Noticed a death yak
  9180 | D:10     | Killed a death yak
  9181 | D:10     | Reached skill level 5 in Evocations
  9181 | D:10     | Killed a death yak
  9190 | D:10     | Killed a death yak
  9213 | D:10     | Acquired 956 gold pieces
  9386 | D:10     | Reached ** piety under the Shining One
  9399 | D:10     | Reached skill level 10 in Fighting
  9508 | D:10     | Found a sacrificial altar of Ru.
 10026 | D:10     | Reached skill level 5 in Dodging
 10329 | D:11     | Noticed Snorg
 10350 | D:11     | Killed Snorg
 10351 | D:11     | Reached XP level 12. HP: 12/78 MP: 13/17
 10616 | D:11     | Noticed a two-headed ogre
 10621 | D:11     | Killed a two-headed ogre
 10638 | D:11     | Reached *** piety under the Shining One
 10654 | D:11     | Noticed a two-headed ogre
 10659 | D:11     | Killed a two-headed ogre
 10660 | D:11     | Noticed a two-headed ogre
 10669 | D:11     | Killed a two-headed ogre
 10672 | D:11     | Noticed an ogre mage
 10678 | D:11     | Killed an ogre mage
 10700 | D:11     | Reached skill level 11 in Fighting
 10859 | D:11     | Noticed a centaur warrior
 10867 | D:11     | Killed a centaur warrior
 10882 | D:11     | Identified the +9 flail of Valour {antimagic, *Corrode
                  | rPois Dex+8 SInv}
 11000 | D:11     | Noticed a two-headed ogre
 11012 | D:11     | Killed a two-headed ogre
 11026 | D:11     | Noticed a soul eater
 11065 | D:11     | Noticed a soul eater
 11224 | D:11     | Noticed a two-headed ogre
 11230 | D:11     | Killed a two-headed ogre
 11340 | D:11     | Noticed Maurice
 11342 | D:11     | Noticed Erolcha
 11344 | D:11     | Noticed a two-headed ogre
 11350 | D:11     | Maurice stole a phantom mirror
 11375 | D:11     | Killed Maurice
 11377 | D:11     | Killed Erolcha
 11380 | D:11     | Was placed under penance by the Shining One
 11387 | D:11     | Killed a two-headed ogre
 11388 | D:11     | Reached XP level 13. HP: 68/84 MP: 11/18
 12512 | D:12     | Found Zirruaset's Magic Scroll Emporium.
 12877 | D:12     | Reached skill level 12 in Fighting
 12960 | D:12     | Lost mutation: You are partially covered in iridescent
                  | scales. (AC +2) [potion of mutation]
 12960 | D:12     | Lost mutation: You have sharp toenails. [potion of
                  | mutation]
 12960 | D:12     | Gained mutation: You passively map a small area around you.
                  | [potion of mutation]
 12960 | D:12     | Gained mutation: You are frail. (-10% HP) [potion of
                  | mutation]
 12960 | D:12     | Gained mutation: You are somewhat resistant to further
                  | mutation. [potion of mutation]
 12961 | D:12     | Lost mutation: You are somewhat resistant to further
                  | mutation. [potion of mutation]
 12961 | D:12     | Lost mutation: You are frail. (-10% HP) [potion of
                  | mutation]
 12961 | D:12     | Lost mutation: You passively map a small area around you.
                  | [potion of mutation]
 12961 | D:12     | Gained mutation: You have sharp toenails. [potion of
                  | mutation]
 12961 | D:12     | Gained mutation: You are strong-willed. (Will+) [potion of
                  | mutation]
 12962 | D:12     | Lost mutation: You have sharp toenails. [potion of
                  | mutation]
 12962 | D:12     | Lost mutation: You are strong-willed. (Will+) [potion of
                  | mutation]
 12962 | D:12     | Gained mutation: You have sharp fingernails. [potion of
                  | mutation]
 12962 | D:12     | Gained mutation: Your magical capacity is low. (-10% MP)
                  | [potion of mutation]
 12962 | D:12     | Gained mutation: Your muscles are strong. (Str +4, Int/Dex
                  | -1) [potion of mutation]
 13280 | D:13     | Found a shimmering altar of Xom.
 13281 | D:13     | Was forgiven by the Shining One
 13573 | D:13     | Reached skill level 10 in Maces & Flails
 13891 | D:13     | Reached skill level 10 in Shields
 13908 | D:13     | Found a gate to the Vaults.
 13908 | D:13     | Noticed a vault guard
 13908 | D:13     | Noticed a vault guard
 13908 | D:13     | Noticed a vault guard
 13908 | D:13     | Noticed a vault guard
 13915 | D:13     | Killed a vault guard
 13919 | D:13     | Killed a vault guard
 13922 | D:13     | Killed a vault guard
 13923 | D:13     | Gained mutation: Your large and strong wings let you fly.
                  | [Gargoyle growth]
 13923 | D:13     | Reached XP level 14. HP: 79/92 MP: 0/18
 14322 | D:14     | Found a snail-covered altar of Cheibriados.
 14649 | D:14     | Reached skill level 13 in Fighting
 14690 | D:14     | Reached skill level 10 in Armour
 14702 | D:14     | Identified the staff "Neitzum" {rF+ Will+ Necro Fire}
 15447 | D:15     | Entered Level 15 of the Dungeon
 15453 | D:15     | Found a staircase to the Depths.
 15469 | D:15     | Reached **** piety under the Shining One
 16218 | D:15     | Found a transporter.
 16219 | D:15     | Found a transporter.
 16246 | D:15     | Paralysed by an ogre mage for 4 turns
 16330 | D:15     | Noticed a frost giant
 16330 | D:15     | Noticed Madon's ghost (journeyman FeSu)
 16330 | D:15     | Noticed a fire giant
 16331 | D:15     | Found the +6 lightning scales {swift, rElec}
 16332 | D:15     | Identified the +4 great mace of Sunlight {flame, Will+
                  | rCorr}
 16332 | D:15     | Noticed a fire giant
 16692 | D:15     | Reached XP level 15. HP: 79/100 MP: 7/20
 16936 | D:15     | Killed a frost giant
 16937 | D:15     | Reached skill level 14 in Fighting
 16941 | D:15     | Killed Madon's ghost
 16943 | D:15     | Killed a fire giant
 16948 | D:15     | Killed a fire giant
 17206 | Gauntlet | Identified the "Somity"
 17206 | Orc:1    | Entered Level 1 of the Orcish Mines
 17354 | D:12     | Bought 2 scrolls of acquirement for 1664 gold pieces
 17355 | D:12     | Acquired the +1 pair of boots "Loishro" {Regen+ rCorr
                  | Str-3}
 17366 | D:12     | Acquired the +8 chain mail "Hyox" {rElec rC+ Regen+ Dex+2}
 17926 | Orc:1    | Found Ytaeram's Antique Weapon Boutique.
 18083 | Orc:2    | Entered Level 2 of the Orcish Mines
 18098 | Orc:2    | Noticed Donald
 18112 | Orc:2    | Slain by Donald

Illustrated notes

Levels and vault maps discovered:
D:1:      elethiomel_arrival_shortcut, layout_basic
D:2:      layout_basic, shapermc_ecumenical_altar_venn,
          grunt_decor_mini_mirrors, uniq_robin
D:3:      layout_basic, uniq_terence, uniq_ijyb
D:4:      layout_loops_ring, roderic_roman_lattice, minmay_manual_moon,
          uniq_natasha, uniq_edmund, uniq_sigmund
D:5:      layout_gridville, minmay_temple_entry_enclosed_plants
D:6:      minmay_chambers_of_fours, layout_loops_ring, dk_vineyard_3,
          chequers_serial_rivers_large_a, minmay_misc_feat_iff, minivault_24
D:7:      layout_basic, dreamdust_princess_bridge
D:8:      layout_cave_pools, serial_shops, shop_fountains, minivault_1,
          uniq_joseph
D:9:      layout_layer_cave, david_orc_5, nicolae_wooded_promenade, minivault_10
D:10:     layout_irregular_city, nicolae_ru_awakened_eye, dpeg_lair_monsters,
          serial_ice, serial_ice_c, serial_ice_k, serial_ice_b, serial_ice_f,
          serial_ice_e, serial_ice_g
D:11:     minmay_distorted_concentric_squares, layout_loops_corners, uniq_snorg,
          uniq_erolcha, uniq_maurice
D:12:     layout_roguey, serial_shops, shop_scrolls
D:13:     layout_basic, grunt_vaults_entry_tiered, xom_confusion_cloud
D:14:     layout_basic, serial_corexii_hall, corexii_hall_statues_deadend,
          corexii_hall_statues_t, nicolae_tricolors, cheibriados_altar_1
D:15:     gammafunk_depths_entry_grave, layout_loops_ring, grunt_decor_cap,
          gammafunk_ghost_smash, chequers_serial_rivers_room_b
Temple:   compressed_dpeg_triangle_lava_temple
Orc:1:    layout_caves, serial_shops, nicolae_diamond_shop, mines1_david,
          uniq_fannar
Orc:2:    grunt_orc_community_town_hall, layout_caves,
          grunt_orc_community_big_house_2, grunt_orc_community_big_house_2,
          grunt_orc_community_house_1, grunt_orc_community_house_3,
          grunt_orc_community_house_2, grunt_orc_community_house_1,
          grunt_orc_community_house_2, grunt_orc_community_house_2, basic_altar,
          uniq_donald

Skill      XL: |  1  2  3  4  5  6  7  8  9 10 11 12 13 14 15 |
---------------+----------------------------------------------+-----
Axes           | 2 3 |  3.5
Invocations    | 1 2 3 4 5 6 7 8 9 |  9.9
Evocations     | 1 2 3 4 5 6 7 8 |  8.3
Fighting       | 4 5 6 8 9 10 11 12 13 14 | 14.2
Shields        | 4 5 6 7 8 9 10 11 | 11.1
Dodging        | 1 2 3 4 5 6 7 |  7.5
Armour         | 4 5 6 7 8 9 10 | 10.9
Maces & Flails | 2 4 6 7 9 10 11 12 | 12.0

Action                     |  1- 3 |  4- 6 |  7- 9 | 10-12 | 13-15 || total
---------------------------+-------+-------+-------+-------+-------++-------
  Melee: War axe           |    90 |   167 |    95 |   405 |   605 ||  1362
         Unarmed           |       |     2 |       |       |       ||     2
         Flail             |       |       |   119 |       |    94 ||   213
 Invoke: Divine Shield     |       |       |       |     2 |     2 ||     4
         Cleansing Flame   |       |       |       |     1 |     3 ||     4
  Evoke: Wand              |       |     3 |     6 |    11 |     6 ||    26
         Phantom mirror    |       |       |       |       |     1 ||     1
    Use: Potion            |     1 |     3 |     4 |     4 |     7 ||    19
         Scroll            |       |     4 |    13 |     6 |     7 ||    30
 Armour: Scale mail        |   112 |     7 |       |       |       ||   119
         Ring mail         |       |   106 |    92 |   275 |   431 ||   904
         Skin              |       |     4 |     7 |     1 |       ||    12
         Chain mail        |       |       |       |       |    30 ||    30
  Dodge: Dodged            |    80 |   166 |   135 |   324 |   456 ||  1161
  Block: Buckler           |    32 |    63 |    68 |   338 |   195 ||   696
         Reflection        |       |       |       |     5 |    38 ||    43
         Kite shield       |       |       |       |       |   570 ||   570

Table legend: (Time is in decaauts)
 A = Elapsed time spent in this place.
 B = Non-inter-level travel time spent in this place.
 C = Inter-level travel time spent in this place.
 D = Time resting spent in this place.
 E = Time spent auto-exploring this place.
 F = Levels seen in this place.
 G = Mean time per level.
                   A        B        C        D        E       F      G
               +--------+--------+--------+--------+--------+-----+--------+
         Total |  18481 |  17762 |    719 |    755 |  13235 |  18 | 1026.7 |
       Dungeon |  17680 |  17019 |    661 |    755 |  12674 |  15 | 1178.7 |
        Temple |     50 |     31 |     19 |      0 |      0 |   1 |   50.0 |
  Orcish Mines |    750 |    711 |     39 |      0 |    561 |   2 |  375.0 |
               +--------+--------+--------+--------+--------+-----+--------+

Top non-repeatable levels by time:
    D:11: 1812 daAuts
     D:9: 1756 daAuts
    D:15: 1670 daAuts
    D:12: 1334 daAuts
     D:4: 1290 daAuts
    D:10: 1220 daAuts
    D:14: 1198 daAuts
     D:7: 1191 daAuts
     D:6: 1161 daAuts
    D:13: 1073 daAuts
     D:8: 1070 daAuts
     D:5: 895 daAuts
     D:2: 841 daAuts
   Orc:1: 718 daAuts
     D:3: 631 daAuts
